 Dungeon Sprint DCSS version 0.28-a0-998-gb9e9c7b67e (webtiles) character file.

Game seed: 9596652697404099797

689 mhtbhm the Fighter (level 7, -16/72 HPs)
             Began as a Black Draconian Berserker on Dec 5, 2021.
             Was an Elder of Trog.
             Killed from afar by an acid dragon (25 damage)
             ... with a splash of acid
             ... in the Dungeon (Sprint IX: "|||||||||||||||||||||||||||||").
             The game lasted 00:01:26 (335 turns).

mhtbhm the Fighter (Black Draconian Berserker)       Turns: 335, Time: 00:01:27

Health: -16/72     AC:  4    Str: 27    XL:     7   Next: 36%
Magic:  7/7        EV: 15    Int:  8    God:    Trog [****..]
Gold:   0          SH:  0    Dex: 10    Spells: 6/6 levels left

rFire   . . .      SeeInvis .   a - +2 halberd (venom)
rCold   . . .      Faith    .   (shield currently unavailable)
rNeg    . . .      Spirit   .   (armour unavailable)
rPois   .          Reflect  .   (helmet restricted)
rElec   +          Harm     .   j - +0 cloak
rCorr   .          Rampage  .   (no gloves)
Will    .....      NoTele   +   k - +0 pair of boots
Stlth   +.........              (no amulet)
HPRegen 0.22/turn               l - +3 ring of strength
MPRegen 0.10/turn               m - +3 ring of strength

@: short of breath, corroded, on berserk cooldown, slowed, very slow
A: breathe lightning, AC +6, unfitting armour, electricity resistance,
cold-blooded
a: Breathe Lightning, Renounce Religion, Berserk, Trog's Hand, Brothers in Arms


You were in the Dungeon.
You worshipped Trog.
Trog was greatly pleased with you.
You visited 1 branch

Inventory:

Hand Weapons
 a - a +2 halberd of venom (weapon)
Armour
 j - a +0 cloak (worn)
 k - a +0 pair of boots (worn)
Jewellery
 l - a +3 ring of strength (left hand)
 m - a +3 ring of strength (right hand)
Wands
 i - a wand of iceblast (10)
Scrolls
 g - 2 scrolls of blinking
Potions
 b - 5 potions of curing
 c - 2 potions of heal wounds
 d - a potion of haste
 e - 4 potions of magic
 f - a potion of berserk rage
 h - a potion of invisibility


   Skills:
 + Level 10.3 Fighting
 + Level 10.1 Polearms
 + Level 9.2 Dodging
 + Level 0.3 Stealth


You had 6 spell levels left.
You didn't know any spells.
Your spell library was empty.

Dungeon Overview and Level Annotations

Branches:
Dungeon (1/1)

Altars:
Cheibriados
Dithmenos
Elyvilon
Fedhas
Gozag
Hepliaklqana
Kikubaaqudgha
Makhleb
Nemelex Xobeh
Okawaru
Qazlal
Ru
Sif Muna
Trog
Uskayaw
Vehumet
Wu Jian
Xom
Yredelemnul
Zin
The Shining One
Beogh
Jiyva
Lugonu


Innate Abilities, Weirdness & Mutations

You can breathe wild blasts of lightning.
Your glossy black scales are hard. (AC +6)
You cannot fit into any form of body armour.
You are resistant to electric shocks. (rElec)
You are cold-blooded and may be slowed by cold attacks.


Message History

Your Fighting skill increases to level 10!
Your Dodging skill increases to level 9!
Unknown command.
You feel much better.
The kobold brigand completely misses you.
Unknown command.
You barely miss the kobold brigand.
Your tail-slap misses the kobold brigand.
The kobold brigand hits you with a +0 club.
The kobold brigand completely misses you.
You closely miss the kobold brigand.
The kobold brigand hits you with a +0 club.
You puncture the kobold brigand!
Your tail-slap misses the kobold brigand.
The kobold brigand is heavily wounded.
The kobold brigand barely misses you. x2
You impale the kobold brigand!!
You kill the kobold brigand!
Trog accepts your kill. The acid dragon spits acid at you.
The splash of acid hits you!! The acid corrodes you!
Your Polearms skill increases to level 10!
The acid dragon misses you. The acid dragon claws you.
The acid dragon completely misses you. The acid dragon closely misses you.
Items here: ( ))) [[ ††.
Unknown command.
You closely miss the acid dragon.
Your tail-slap misses the acid dragon.
The acid dragon is heavily wounded.
The acid dragon bites you. The acid dragon claws you.
* * * LOW HITPOINT WARNING * * *
Unknown command.
You barely miss the acid dragon.
You tail-slap the acid dragon, but do no damage.
The acid dragon is heavily wounded.
The acid dragon bites you!
* * * LOW HITPOINT WARNING * * *
The acid dragon barely misses you. The acid dragon spits acid at you.
The splash of acid hits you!!
You die...

▓+▓
▓.▓
▓.▓
▓.▓
▓O▓
▓D▓
▓@▓
▓'▓
▓.▓
▓.▓
▓[▓
▓.▓
▓.▓
▓.▓
▓)▓


You could see a two-headed ogre and an acid dragon (catching breath).

Vanquished Creatures
  A yak (D)
  2 orc warriors (D)
  A sky beast (D)
  A black bear (D)
  A centaur (D)
  A kobold brigand (D)
  An iguana (D)
  An endoplasm (D)
  2 hobgoblins (D)
  A frilled lizard (D)
  A kobold (D)
  A quokka zombie (D)
14 creatures vanquished.

Notes
Turn   | Place    | Note
-------+----------+-------------------------------------------
     0 | D        | mhtbhm the Draconian Berserker began the quest for the Orb.
     0 | D        | Reached XP level 1. HP: 19/19 MP: 1/1
    13 | D        | Reached ** piety under Trog
    56 | D        | Noticed a sky beast
    56 | D        | Noticed a black bear
    56 | D        | Noticed an iguana
    56 | D        | Noticed a centaur
    62 | D        | Killed a centaur
    63 | D        | Reached skill level 5 in Polearms
    63 | D        | Reached skill level 5 in Dodging
    63 | D        | Reached XP level 2. HP: 27/30 MP: 2/2
    63 | D        | Reached XP level 3. HP: 33/37 MP: 3/3
    63 | D        | Reached XP level 4. HP: 40/44 MP: 4/4
    68 | D        | Reached *** piety under Trog
    76 | D        | Killed a black bear
    77 | D        | Reached XP level 5. HP: 43/52 MP: 5/5
   216 | D        | Killed a sky beast
   217 | D        | Reached XP level 6. HP: 62/62 MP: 6/6
   223 | D        | Found a snail-covered altar of Cheibriados.
   223 | D        | Found a shadowy altar of Dithmenos.
   223 | D        | Found a white marble altar of Elyvilon.
   223 | D        | Found a blossoming altar of Fedhas.
   223 | D        | Found an opulent altar of Gozag.
   224 | D        | Found a hazy altar of Hepliaklqana.
   225 | D        | Found a viscous altar of Jiyva.
   226 | D        | Found an ancient bone altar of Kikubaaqudgha.
   227 | D        | Found a corrupted altar of Lugonu.
   228 | D        | Found a burning altar of Makhleb.
   229 | D        | Found a sparkling altar of Nemelex Xobeh.
   230 | D        | Found an iron altar of Okawaru.
   231 | D        | Found a stormy altar of Qazlal.
   232 | D        | Found a sacrificial altar of Ru.
   233 | D        | Found a shimmering blue altar of Sif Muna.
   234 | D        | Found a bloodstained altar of Trog.
   235 | D        | Found a hide-covered altar of Uskayaw.
   236 | D        | Found a radiant altar of Vehumet.
   237 | D        | Found an ornate altar of the Wu Jian Council.
   238 | D        | Found a shimmering altar of Xom.
   239 | D        | Found a basalt altar of Yredelemnul.
   240 | D        | Found a glowing silver altar of Zin.
   241 | D        | Found a glowing golden altar of the Shining One.
   307 | D        | Noticed a two-headed ogre
   307 | D        | Noticed an acid dragon
   307 | D        | Noticed an orc warrior
   307 | D        | Noticed a yak
   307 | D        | Noticed an orc warrior
   313 | D        | Killed an orc warrior
   322 | D        | Killed a yak
   322 | D        | Reached **** piety under Trog
   323 | D        | Your scales start taking on a glossy black colour.
   323 | D        | Reached XP level 7. HP: 50/71 MP: 7/7
   323 | D        | Gained mutation: You are resistant to electric shocks.
                  | (rElec) [Black Draconian growth]
   328 | D        | Reached skill level 10 in Fighting
   333 | D        | Reached skill level 10 in Polearms
   335 | D        | Killed from afar by an acid dragon

Illustrated notes

Levels and vault maps discovered:
D:        linesprint [early_d, line_temple, items_1, d_10, items_2, lair_1,
          lair_end, items_3, orc_1, orc_end, items_4, d_15, swamp_1, shoals_1,
          snake_1, spider_1, d_20, vaults_1, items_5, swamp_end, shoals_end,
          snake_end, spider_end, vaults_end, d_27, items_6, zot_1, zot_end,
          crypt_end, forest_end, elf_end, slime_end, tomb_end, abyss_end,
          pan_hell_end]

Skill      XL: |  1  2  3  4  5  6  7 |
---------------+----------------------+-----
Dodging        | 5 6 7 8 9 |  9.2
Fighting       | 6 7 8 9 10 | 10.3
Polearms       | 5 7 8 9 10 | 10.1
Stealth        | |  0.3

Action                   |  1- 3 |  4- 6 |  7- 9 || total
-------------------------+-------+-------+-------++-------
Melee: Spear             |    21 |    27 |       ||    48
       Tailslap          |     2 |     6 |     2 ||    10
       Halberd           |       |    13 |    10 ||    23
Invok: Berserk           |     1 |     2 |       ||     3
 Abil: Breathe Lightning |       |       |     1 ||     1
  Use: Potion            |       |       |     1 ||     1
Armor: Skin              |     3 |     5 |       ||     8
Dodge: Dodged            |    16 |    13 |    11 ||    40

Table legend: (Time is in decaauts)
 A = Elapsed time spent in this place.
 B = Non-inter-level travel time spent in this place.
 C = Inter-level travel time spent in this place.
 D = Time resting spent in this place.
 E = Time spent auto-exploring this place.
 F = Levels seen in this place.
 G = Mean time per level.
                   A        B        C        D        E       F      G
               +--------+--------+--------+--------+--------+-----+--------+
         Total |    346 |    346 |      0 |    187 |      3 |   1 |  346.0 |
       Dungeon |    346 |    346 |      0 |    187 |      3 |   1 |  346.0 |
               +--------+--------+--------+--------+--------+-----+--------+

Top non-repeatable levels by time:
       D: 346 daAuts
